Map: Prion Terraces

Players

LilDicky

  • Race: Terran Terran
  • League: Diamond

Snow - Winner!

  • Race: Zerg Zerg
  • League: Diamond

VOD

http://www.twitch.tv/tumescentpie

Description

Time

  • Played on: Dec. 6, 2015, 1:24 a.m.
  • Length: 16:18
Show
View Real Time Build Order
Export as new Build Order

LilDicky Terran 

Build Orders: MMM Bio 

Get SALT Encoding   

  12  0:01  SCV  
  13  0:13  SCV  
  14  0:18  Supply Depot  
  14  0:25  SCV  
  15  0:33  Refinery  
  15  0:40  SCV  
  16  0:45  Barracks  
  16  0:52  SCV  
  17  1:04  SCV  
  18  1:16  SCV  
  19  1:26  Barracks  
  19  1:27  Barracks  
  19  1:33  Supply Depot, Barracks Tech Lab  
  19  1:47  Orbital Command  
  19  1:53  Stimpack  
  19  2:00  Marine  
  20  2:13  SCV  
  20  2:14  Barracks Tech Lab  
  21  2:16  Barracks Reactor  
  21  2:19  Supply Depot  
  21  2:20  Marine  
  22  2:25  SCV  
  23  2:34  Marine  
  24  2:38  Marine  
  24  2:40  Supply Depot  
  25  2:48  Combat Shields  
  25  2:50  SCV  
  26  2:52  Marine  
  26  2:56  Marine  
  26  2:57  Marine x2  
  30  3:03  SCV  
  31  3:11  Marauder  
  33  3:14  Marine  
  33  3:15  Marine  
  36  3:21  Marauder  
  36  3:23  SCV  
  38  3:27  Supply Depot  
  38  3:32  Marine  
  38  3:33  Marine  
  40  3:35  SCV  
  40  3:36  Marauder  
  43  3:47  SCV  
  44  3:52  Marauder, Marine x2  
  44  3:54  Concussive Shells  
  48  3:59  SCV, Marauder  
  51  4:10  Marine x2  
  51  4:11  SCV  
  51  4:13  Marine  
  51  4:14  Supply Depot  
  55  4:36  SCV, Marauder  
  48  4:48  Marine x2  
  48  4:49  Marine  
  39  4:57  Marine  
  37  5:03  Command Center  
  37  5:06  SCV, Marine x3  
  41  5:15  Marine  
  41  5:18  SCV  
  43  5:24  Marine x2  
  43  5:25  Factory  
  45  5:38  SCV  
  45  5:39  Marine x2  
  45  5:42  Marine x2  
  50  5:50  SCV  
  50  5:57  Marine x2  
  51  5:59  Marine  
  51  6:00  Marine  
  51  6:02  SCV  
  56  6:14  SCV, Marine  
  56  6:15  Marine  
  56  6:17  Marine  
  51  6:42  Marine x3  
  51  6:43  Marauder  
  46  6:49  SCV  
  47  6:57  Factory Reactor  
  47  6:59  Marine  
  47  7:00  Starport, Marine x2  
  50  7:01  Barracks  
  50  7:02  Barracks  
  51  7:12  Orbital Command  
  51  7:16  Bunker  
  51  7:19  Marine  
  51  7:20  SCV  
  51  7:22  Marine x2  
  54  7:25  Marine  
  55  7:32  SCV  
  56  7:37  Marine  
  57  7:56  Marine  
  57  7:57  Marine x5  
  61  8:04  Supply Depot  
  52  8:08  Medivac x2  
  56  8:14  Marine  
  56  8:15  Supply Depot, SCV x2, Marine x4  
  56  8:16  Marauder  
  65  8:25  Widow Mine  
  67  8:27  SCV  
  67  8:29  Command Center  
  67  8:30  SCV  
  67  8:32  Marine  
  67  8:33  Marauder, Marine x2  
  74  8:38  Medivac  
  74  8:39  SCV  
  74  8:40  Supply Depot  
  77  8:46  Supply Depot  
  77  8:48  Marine x2  
  79  9:04  Marine  
  79  9:05  Marauder  
  79  9:06  Marauder  
  84  9:11  Marine  
  84  9:12  Marine  
  84  9:13  Supply Depot  
  84  9:14  Medivac  
  88  9:17  Supply Depot  
  88  9:23  Marine  
  88  9:24  Marine  
  90  9:29  Marine  
  90  9:30  Marine  
  94  9:34  Widow Mine  
  96  9:41  SCV x2, Marine  
  96  9:45  Orbital Command  
  96  9:46  Supply Depot  
  96  9:48  Marine  
  97  9:53  SCV  
  98  10:06  Marine x2  
  82  10:16  Widow Mine, Marine x3  
  68  10:35  Marine x4  
  65  10:36  Marine x2  
  55  10:44  Orbital Command  
  50  10:53  Marine x5  
  40  11:08  Starport Tech Lab  
  40  11:09  Marine  
  40  11:11  Marine  
  37  11:18  Orbital Command  
  30  11:36  Marine x2  
  30  11:37  Marine x4  
  33  11:52  Banshee  
  33  11:53  Cloaking Field  
  33  11:54  Marine x3  
  25  11:55  Marine x3  
  27  12:02  Orbital Command  
  26  12:11  Marine  
  26  12:12  Marine  
  28  12:32  Orbital Command  
  28  12:58  SCV  
  14  13:25  Marine x6  
  19  13:43  Marine x2  
  16  13:57  Orbital Command  
  16  14:12  Marine x2  
  16  14:16  Marine  
  19  14:35  Marine  
  20  14:41  SCV  
  21  14:55  SCV  
  22  15:01  Marine  
Show
View Real Time Build Order
Export as new Build Order

Snow Zerg - Winner!

Build Orders: Hatch First 

Get SALT Encoding   

  12  0:01  Drone  
  13  0:11  Drone  
  14  0:17  Overlord  
  17  0:35  Drone x3  
  17  0:52  Hatchery  
  17  0:55  Drone  
  17  1:09  Spawning Pool  
  16  1:13  Drone  
  16  1:15  Drone  
  18  1:20  Extractor  
  17  1:26  Drone  
  17  1:30  Drone  
  19  1:40  Drone  
  20  1:55  Drone  
  21  2:03  Queen  
  21  2:04  Queen  
  21  2:05  Zergling x2  
  21  2:08  Overlord  
  26  2:14  Drone  
  27  2:20  Overlord  
  27  2:23  Metabolic Boost  
  27  2:24  Drone  
  28  2:34  Drone  
  28  2:35  Drone  
  30  2:42  Queen  
  32  2:47  Drone x2  
  34  3:04  Hatchery  
  33  3:11  Drone  
  33  3:12  Drone x3  
  37  3:19  Zergling x2  
  37  3:23  Overlord  
  37  3:24  Drone x5  
  42  3:32  Overlord  
  42  3:34  Zergling x2  
  43  3:44  Overlord  
  43  3:45  Drone  
  43  3:57  Zergling x12  
  49  4:03  Zergling x4  
  49  4:04  Roach Warren  
  49  4:05  Evolution Chamber  
  49  4:07  Evolution Chamber  
  49  4:08  Spine Crawler  
  46  4:12  Lair  
  46  4:13  Zergling x4  
  48  4:22  Zergling x6  
  48  4:23  Zergling x4  
  53  4:27  Zergling x2  
  53  4:28  Zergling x6  
  57  4:34  Overlord  
  57  4:35  Zergling x2  
  49  5:00  Overlord  
  49  5:04  Queen  
  49  5:05  Extractor  
  49  5:06  Drone x6  
  49  5:07  Drone x4  
  60  5:16  Drone  
  55  5:41  Extractor  
  55  5:42  Zerg Missile Weapons Level 1, Extractor  
  53  5:43  Drone  
  53  5:44  Drone x7  
  61  5:56  Hatchery  
  60  6:00  Zergling x4  
  60  6:01  Zergling x2  
  63  6:06  Zergling x2  
  64  6:12  Zerg Ground Armor Level 1  
  64  6:13  Zergling x6  
  62  6:26  Zergling x4  
  62  6:28  Zergling x2  
  62  6:31  Zergling x8  
  57  6:42  Zergling x4  
  57  6:46  Glial Reconstitution  
  58  6:55  Queen  
  60  7:04  Overlord x2  
  60  7:05  Overlord  
  60  7:07  Roach  
  62  7:23  Roach  
  62  7:24  Roach x2  
  62  7:26  Hatchery  
  62  7:28  Pneumatized Carapace  
  67  7:30  Overseer  
  67  7:38  Roach x6  
  72  8:10  Ravager x6  
  72  8:12  Roach x2  
  82  8:13  Roach  
  82  8:14  Overlord x8  
  82  8:15  Hatchery  
  83  8:25  Overlord  
  83  8:31  Queen, Zergling x2  
  83  8:32  Zergling x2  
  87  8:39  Roach  
  89  8:48  Roach  
  89  8:49  Roach  
  89  8:51  Roach x4  
  101  8:56  Baneling Nest  
  100  9:08  Roach  
  100  9:09  Roach x3  
  108  9:11  Ravager x2  
  108  9:12  Ravager  
  108  9:13  Ravager  
  112  9:39  Baneling x7  
  112  9:40  Baneling x5  
  112  9:41  Zergling x2  
  112  9:42  Zergling x10  
  118  9:55  Zergling x4  
  118  9:56  Zergling x6  
  110  10:09  Spine Crawler x2  
  110  10:10  Spine Crawler  
  87  10:25  Zergling x2  
  87  10:26  Spine Crawler, Zergling x2  
  87  10:27  Spine Crawler  
  63  10:49  Drone  
  59  10:50  Drone x3  
  45  11:28  Drone  
  45  11:29  Drone x7  
  50  11:42  Drone x3  
  51  12:03  Spawning Pool  
  48  12:18  Drone  
  48  12:19  Drone x2  
  46  12:51  Zergling x2  
  46  12:52  Zergling x16  
  46  12:57  Roach Warren  
  54  13:00  Hydralisk Den  
  53  13:12  Queen  
  50  13:13  Queen  
  51  13:20  Spore Crawler  
  51  13:22  Spore Crawler  
  51  13:24  Spore Crawler  
  42  13:37  Hydralisk  
  42  13:38  Hydralisk x7  
  56  13:41  Roach  
  55  13:54  Hydralisk  
  57  13:57  Drone x2  
  59  14:10  Drone  
  59  14:11  Drone x2  
  59  14:13  Drone  
  59  14:16  Drone  
  64  14:32  Drone x3  
  64  14:33  Drone  
  64  14:35  Roach  
  70  14:44  Drone x3  
  72  14:56  Drone x4  
  72  14:57  Drone  
  77  15:15  Hydralisk  
  77  15:16  Hydralisk x3  
  77  15:17  Hydralisk  
  77  15:21  Hydralisk  
  87  15:27  Drone x2  
  87  15:28  Drone  
  92  15:30  Extractor  
  92  15:31  Extractor  
  90  15:42  Spine Crawler  
  89  15:45  Spine Crawler  
  84  15:51  Spine Crawler  
  81  16:18  Hatchery  
Tags
 
Add a new tag
Caveats
  • Supply blocks, unpowered buildings, or Contaminate may cause inaccurate times.
  • Supply counts are checked every 10 seconds.